 Dungeon Crawl Stone Soup version 0.24.0-2-g5b39cebb1c (webtiles) character file.

Game seed: 16553621358942707224, levelgen mode: deterministic

921 Curus the Spear-Bearer (level 7, -14/57 HPs)
             Began as a Minotaur Monk on Oct 30, 2019.
             Was a Believer of Okawaru.
             Demolished by an ogre
             ... wielding a +0 giant spiked club
              (28 damage)
             ... on level 6 of the Dungeon.
             The game lasted 00:16:03 (3799 turns).

Curus the Spear-Bearer (Minotaur Monk)              Turns: 3799, Time: 00:16:04

Health: -14/57     AC:  8    Str: 15    XL:     7   Next: 84%
Magic:  0/6        EV: 12    Int:  8    God:    Okawaru [**....]
Gold:   125        SH:  0    Dex: 20    Spells: 6/6 levels left

rFire    + + .     SeeInvis .   p - +9 spear of Courage {holy, rF+ rC+ Dex+6 Stlth-}
rCold    + . .     Gourm    .   (no shield)
rNeg     + . .     Faith    .   g - +1 ring mail {rF+}
rPois    .         Spirit   +   (helmet restricted)
rElec    .         Reflect  .   (no cloak)
rCorr    .         Harm     .   j - +1 pair of gloves
MR       .....                  (no boots)
Stlth    +.........             m - amulet of guardian spirit
HPRegen  0.19/turn              d - ring of positive energy
MPRegen  0.10/turn              (no ring)

@: no status effects
A: retaliatory headbutt, horns 2
a: Heroism, Renounce Religion


You were on level 6 of the Dungeon.
You worshipped Okawaru.
Okawaru was pleased with you.
You were not hungry.

You visited 1 branch of the dungeon, and saw 6 of its levels.

You collected 125 gold pieces.

Inventory:

Hand Weapons
 a - a +3 spear
 p - the +9 spear of Courage (weapon) {holy, rF+ rC+ Dex+6 Stlth-}
   (You found it on level 4 of the Dungeon)

   It has been blessed by the Shining One to cause great damage to the undead
   and demons.
   It affects your dexterity (+6).
   It protects you from fire.
   It protects you from cold.
   It makes you less stealthy.
Armour
 b - a +0 robe
 g - a +1 ring mail of fire resistance (worn)
 j - a +1 pair of gloves (worn)
Jewellery
 d - a ring of positive energy (left hand)
 m - an amulet of guardian spirit (around neck)
 s - an uncursed ring of fire
Wands
 k - a wand of enslavement (12)
 t - a wand of flame (12)
 u - a wand of polymorph (6)
Scrolls
 e - a scroll of identify
 f - 3 scrolls of amnesia
 h - 2 scrolls of teleportation
 n - a scroll of enchant weapon
 r - a scroll of remove curse
Potions
 i - a potion of might
 l - 3 potions of curing
 o - a potion of flight
 q - a potion of brilliance
Comestibles
 c - 5 rations


   Skills:
 - Level 3.6 Fighting
 + Level 11.2 Polearms
 - Level 3.2 Dodging
 - Level 1.5 Stealth


You had 6 spell levels left.
You didn't know any spells.
Your spell library was empty.

Dungeon Overview and Level Annotations

Branches:
Dungeon (6/15)
 Temple: D:4-7

Altars:
Ashenzari
Cheibriados
Dithmenos
Fedhas
Kikubaaqudgha
Nemelex Xobeh
Okawaru
Wu Jian
The Shining One

Shops:
D:4 [[=


Innate Abilities, Weirdness & Mutations

You reflexively headbutt those who attack you in melee.
You have a pair of horns on your head.


Message History

The gnoll is moderately wounded.
You hit the gnoll.
The gnoll is severely wounded.
You hit the gnoll.
The gnoll is almost dead.
The gnoll misses you.
You hit the gnoll.
You kill the gnoll!
Okawaru accepts your kill.
You puncture the ogre!
The ogre is moderately wounded.
You hear a shout!
The ogre hits you with a +0 giant spiked club!!
You hear a shout! x2
You fail to use your ability.
You hear a shout!
The gnoll hits you from afar with a cursed -1 halberd!
* * * LOW HITPOINT WARNING * * *
The ogre hits you with a +0 giant spiked club!!
You die...

###############
#+#....'.(@)....#
#.#....###O######
#.#....# #gg.
#.###'##$#g.g.g
#......#$#.......
#..)...#.+.......
#.######################
#)#...........#....#....
#.'...........'....'....


You could see an ogre and 4 gnolls.

Vanquished Creatures
  Prince Ribbit (D:6)
  2 ogres
  A howler monkey (D:4)
  A centaur zombie (D:4)
  A crimson imp (D:5)
  An orc priest (D:5)
  A centaur skeleton (D:5)
  A bullfrog skeleton (D:4)
  A gnoll shaman (D:5)
  2 iguanas (D:5)
  A worker ant zombie (D:5)
  16 gnolls
  5 adders
  An adder skeleton (D:5)
  An adder zombie (D:5)
  A dart slug (D:2)
  2 leopard geckos
  3 orcs
  A ball python (D:3)
  4 giant cockroaches
  6 goblins
  3 hobgoblins
  8 jackals (D:6)
  2 quokkas
  6 bats
  5 frilled lizards
  8 kobolds
  7 rats
92 creatures vanquished.

Notes
Turn   | Place    | Note
-------+----------+-------------------------------------------
     0 | D:1      | Curus the Minotaur Monk began the quest for the Orb.
     0 | D:1      | Reached XP level 1. HP: 19/19 MP: 0/0
    67 | D:1      | Reached skill level 4 in Polearms
   216 | D:1      | Reached XP level 2. HP: 26/26 MP: 1/1
   870 | D:2      | Found a snail-covered altar of Cheibriados.
  1037 | D:2      | Found a glowing golden altar of the Shining One.
  1053 | D:2      | Reached skill level 5 in Polearms
  1133 | D:2      | Reached XP level 3. HP: 31/31 MP: 2/2
  1401 | D:3      | Found an ornate altar of the Wu Jian Council.
  1439 | D:3      | Found a blossoming altar of Fedhas.
  2109 | D:4      | Found Koahuk's Jewellery Emporium.
  2121 | D:4      | Got a bloodstained spear
  2135 | D:4      | Found Kimy's Armour Boutique.
  2139 | D:4      | Identified the +9 spear of Courage {holy, rF+ rC+ Dex+6
                  | Stlth-} (You found it on level 4 of the Dungeon)
  2230 | D:4      | Found a sparkling altar of Nemelex Xobeh.
  2235 | D:4      | Reached skill level 6 in Polearms
  2235 | D:4      | Reached XP level 4. HP: 39/39 MP: 3/3
  2484 | D:4      | Found Degank's Armour Shop.
  2532 | D:4      | Reached skill level 7 in Polearms
  2532 | D:4      | Reached XP level 5. HP: 45/45 MP: 4/4
  2592 | D:4      | Noticed an ogre
  2596 | D:4      | Killed an ogre
  2596 | D:4      | Reached skill level 8 in Polearms
  2596 | D:4      | Reached XP level 6. HP: 51/51 MP: 5/5
  2784 | D:5      | Entered Level 5 of the Dungeon
  2830 | D:5      | Found an ancient bone altar of Kikubaaqudgha.
  2917 | D:5      | Found a shadowy altar of Dithmenos.
  3004 | D:5      | Reached skill level 9 in Polearms
  3041 | D:5      | Reached XP level 7. HP: 55/57 MP: 6/6
  3303 | D:5      | Found a shattered altar of Ashenzari.
  3308 | D:5      | Found an iron altar of Okawaru.
  3315 | D:5      | Became a worshipper of Warmaster Okawaru
  3315 | D:5      | Reached * piety under Okawaru
  3315 | D:5      | Reached ** piety under Okawaru
  3515 | D:6      | Noticed Prince Ribbit
  3524 | D:6      | Killed Prince Ribbit
  3524 | D:6      | Reached skill level 10 in Polearms
  3756 | D:6      | Reached skill level 11 in Polearms
  3799 | D:6      | Demolished by an ogre

Levels and vault maps discovered:
D:1:      lemuel_arrival_hallway, layout_loops_corners
D:2:      layout_loops_ring, lemuel_doored_altar, tso_metal_star
D:3:      layout_basic, lemuel_crystal_altar, lemuel_crystal_altar
D:4:      cheibrodos_helix_gallery, layout_basic,
          nemelex_xobeh_ov_fountains_minmay, first_ration, serial_shops, shop,
          shop, shop_fountains
D:5:      layout_basic, amethyst_overflow_temple_binary,
          nicolae_dithmenos_the_darkroom, kiku_gazebo_pond_becter
D:6:      lemuel_castle_with_subvaults [lemuel_castle_interior_carwin_1],
          layout_gridville, minmay_temple_entry_junction_2,
          supply_closet_lemuel, uniq_prince_ribbit1, uniq_edmund,
          uniq_crazy_yiuf_cottage

Skill      XL: |  1  2  3  4  5  6  7 |
---------------+----------------------+-----
Polearms       | 4 5 6 7 8 9 11 | 11.2
Fighting       | |  3.6
Dodging        | |  3.2
Stealth        | |  1.5

Action                   |  1- 3 |  4- 6 |  7- 9 || total
-------------------------+-------+-------+-------++-------
Melee: Spear             |    85 |    59 |    82 ||   226
       Headbutt          |     8 |    11 |     7 ||    26
  Use: Scroll            |     8 |     2 |       ||    10
       Potion            |     5 |     1 |       ||     6
 Stab: Sleeping          |     5 |       |       ||     5
  Eat: Chunk             |     2 |     1 |       ||     3
       Ration            |     1 |       |     1 ||     2
Armor: Robe              |     1 |       |       ||     1
       Ring mail         |    11 |     5 |    10 ||    26
Dodge: Dodged            |    28 |    14 |    25 ||    67
